Wild vs Predators

Created - April 26 2011 at 18:07

Goals
1 2 3 T
Wild 0 2 2 4
Predators 0 2 1 3
Shots
1 2 3 T
Wild 7 9 9 25
Predators 9 11 11 31

Period #1

No Goal

Penalties :
Aaron Ward (MIN) for High sticking (Minor) at 5:59, Brent Burns (NSH) for Tripping (Minor) at 9:55, Scottie Upshall (NSH) for Roughing (Minor) at 16:19

Period #2

1. Predators , Simon Gagne 2 (Tomas Kaberle, Steven Stamkos) at 4:05
2. Predators , Simon Gagne 3 (Jeff Carter, Tomas Kaberle) at 14:17
3. Wild , Erik Cole 1 (Aaron Ward, Rob Niedermayer) at 15:27
4. Wild , Milan Hejduk 1 (Joe Pavelski, Martin St. Louis) at 15:42

Penalties :
Braydon Coburn (NSH) for Hooking (Minor) at 8:07

Period #3

5. Wild , Chris Drury 1 (Alexei Ponikarovsky, Daniel Alfredsson) at 1:44
6. Wild , Kim Johnsson 3 (Erik Cole, Aaron Ward) at 5:02
7. Predators , Nicklas Backstrom 7 (Shea Weber, Marian Gaborik) at 18:53

Penalties :
Brent Burns (NSH) for Interference (Minor) at 5:07, Francis Bouillon (MIN) for Boarding (Minor) at 15:11

Goalie Stats

Ilya Bryzgalov (MIN), 28 saves from 31 shots - (0.903), W, 5-4-0, 60:00 minutes
Pekka Rinne (NSH), 21 saves from 25 shots - (0.840), L, 5-1-0, 59:14 minutes

Players Stats

Wild
Player Name              G  A  P  +/- PIM S  H  SB FO    MP 
------------------------------------------------------------
Aaron Ward               0  2  2   1  2   0  2  1  0/0   17 
Alexei Ponikarovsky      0  1  1   0  0   3  2  0  0/0   20 
Brian Willsie            0  0  0  -1  0   0  0  1  1/1   3  
Chris Drury              1  0  1   0  0   3  2  0  16/26 21 
Daniel Alfredsson        0  1  1   0  0   1  0  0  0/1   20 
Erik Cole                1  1  2   2  0   2  1  0  1/1   16 
Francis Bouillon         0  0  0   0  2   0  3  4  0/0   20 
Joe Pavelski             0  1  1   0  0   2  5  0  11/28 21 
Kim Johnsson             1  0  1   2  0   2  0  0  0/0   16 
Mark Eaton               0  0  0   0  0   1  0  3  0/0   22 
Martin St. Louis         0  1  1   0  0   0  1  0  0/1   21 
Michal Rozsival          0  0  0   0  0   0  2  2  0/0   21 
Milan Hejduk             1  0  1   0  0   5  2  0  1/3   20 
Olli Jokinen             0  0  0   0  0   0  0  0  1/4   4  
Rob Niedermayer          0  1  1   1  0   1  1  0  14/21 17 
Robert Lang              0  0  0   0  0   0  0  0  0/0   0  
Ryan Whitney             0  0  0  -1  0   2  0  0  0/0   22 
Stephane Yelle           0  0  0   1  0   3  0  0  0/1   16 
Predators
Player Name              G  A  P  +/- PIM S  H  SB FO    MP 
------------------------------------------------------------
Braydon Coburn           0  0  0   0  2   1  2  1  0/0   19 
Brent Burns              0  0  0   0  4   1  3  1  0/0   20 
Cody Franson             0  0  0   0  0   0  0  0  0/0   5  
Colin Fraser             0  0  0   0  0   0  0  0  2/3   4  
Derek Morris             0  0  0  -1  0   0  0  1  0/0   18 
Jeff Carter              0  1  1   0  0   3  1  1  1/1   17 
Marian Gaborik           0  1  1   0  0   2  0  0  1/5   19 
Milan Michalek           0  0  0  -1  0   0  1  0  0/2   19 
Nicklas Backstrom        1  0  1   0  0   8  1  0  14/27 21 
Patric Hornqvist         0  0  0   0  0   1  0  0  1/1   19 
Patrik Elias             0  0  0  -1  0   1  0  0  9/20  18 
Scottie Upshall          0  0  0  -1  2   3  0  0  0/0   15 
Shea Weber               0  1  1   0  0   1  4  2  0/0   20 
Simon Gagne              2  0  2   0  0   3  1  0  0/0   21 
Steven Stamkos           0  1  1   0  0   5  0  0  14/28 18 
Tomas Kaberle            0  2  2   0  0   2  0  1  0/0   19 
Wayne Simmonds           0  0  0   0  0   0  0  0  0/0   2  
Zbynek Michalek          0  0  0  -1  0   0  2  2  0/0   18 

3 Stars

1 - Erik Cole (MIN)
2 - Simon Gagne (NSH)
3 - Kim Johnsson (MIN)

Power Play

Wild - 0 on 4 Attempt(s) - 0.00%
Predators - 0 on 2 Attempt(s) - 0.00%

Penalty Kill

Wild - 2 on 2 Attempt(s) - 100.00% - Score 0 goal in Penalty Kill
Predators - 4 on 4 Attempt(s) - 100.00% - Score 0 goal in Penalty Kill

Game Notes

No Game Note

Finance

Level 1 -- Attendance: 6500 (100.00%) -- Ticket Income $520,000.00
Level 2 -- Attendance: 5000 (100.00%) -- Ticket Income $260,000.00
Level 3 -- Attendance: 3500 (100.00%) -- Ticket Income $105,000.00
Level 4 -- Attendance: 1113 (100.00%) -- Ticket Income $22,260.00
Luxury Box -- Attendance: 1000 (100.00%) -- Ticket Income $135,000.00
Game was played at the Sommet Center
Total Attendance: 17113 (100.00%)
Total Ticket Income: $1,118,266.00
Other Income: $335,479.65
Total Income: $1,453,746.00


Play by Play

Period #1

0:01 of 1st period - Chris Drury wins face-off versus Nicklas Backstrom in neutral zone.
0:04 of 1st period - Marian Gaborik is hit by Chris Drury and loses puck.
0:16 of 1st period - Shot by Nicklas Backstrom.
0:16 of 1st period - Stopped by Ilya Bryzgalov without a rebound.
0:17 of 1st period - Steven Stamkos wins face-off versus Joe Pavelski in Wild zone.
0:20 of 1st period - Shot by Steven Stamkos.
0:20 of 1st period - Shot Blocked by Michal Rozsival.
0:51 of 1st period - Off-side.
0:52 of 1st period - Chris Drury wins face-off versus Nicklas Backstrom in neutral zone.
1:29 of 1st period - Shot by Alexei Ponikarovsky.
1:29 of 1st period - Shot Misses the Net.
1:31 of 1st period - Shot by Chris Drury.
1:31 of 1st period - Stopped by Pekka Rinne without a rebound.
1:32 of 1st period - Rob Niedermayer wins face-off versus Patrik Elias in Predators zone.
1:36 of 1st period - Icing by Zbynek Michalek.
1:37 of 1st period - Rob Niedermayer wins face-off versus Patrik Elias in Predators zone.
2:11 of 1st period - Shot by Patrik Elias.
2:11 of 1st period - Shot Misses the Net.
2:15 of 1st period - Shot by Scottie Upshall.
2:15 of 1st period - Shot Misses the Net.
2:26 of 1st period - Off-side.
2:27 of 1st period - Nicklas Backstrom wins face-off versus Joe Pavelski in neutral zone.
2:34 of 1st period - Shot by Nicklas Backstrom.
2:34 of 1st period - Stopped by Ilya Bryzgalov without a rebound.
2:35 of 1st period - Steven Stamkos wins face-off versus Chris Drury in Wild zone.
2:44 of 1st period - Shot by Alexei Ponikarovsky.
2:44 of 1st period - Stopped by Pekka Rinne without a rebound.
2:45 of 1st period - Nicklas Backstrom wins face-off versus Joe Pavelski in Predators zone.
4:31 of 1st period - Icing by Francis Bouillon.
4:32 of 1st period - Chris Drury wins face-off versus Milan Michalek in Wild zone.
4:34 of 1st period - Icing by Alexei Ponikarovsky.
4:35 of 1st period - Patrik Elias wins face-off versus Chris Drury in Wild zone.
4:36 of 1st period - Shot by Scottie Upshall.
4:36 of 1st period - Shot Blocked by Mark Eaton.
5:16 of 1st period - Off-side.
5:17 of 1st period - Nicklas Backstrom wins face-off versus Joe Pavelski in neutral zone.
5:20 of 1st period - Shot by Marian Gaborik.
5:20 of 1st period - Shot Misses the Net.
5:29 of 1st period - Joe Pavelski is hit by Shea Weber and loses puck.
5:43 of 1st period - Joe Pavelski is hit by Shea Weber and loses puck.
5:46 of 1st period - Shot by Milan Hejduk.
5:46 of 1st period - Stopped by Pekka Rinne without a rebound.
5:47 of 1st period - Steven Stamkos wins face-off versus Rob Niedermayer in Predators zone.
5:47 of 1st period - Steven Stamkos is hit by Erik Cole.
5:54 of 1st period - Tomas Kaberle is hit by Rob Niedermayer.
5:59 of 1st period - Minor Penalty to Aaron Ward for High sticking.
6:00 of 1st period - Chris Drury wins face-off versus Nicklas Backstrom in Wild zone.
6:21 of 1st period - Shot by Nicklas Backstrom.
6:21 of 1st period - Shot Misses the Net.
7:30 of 1st period - Off-side.
7:31 of 1st period - Nicklas Backstrom wins face-off versus Rob Niedermayer in neutral zone.
8:13 of 1st period - Shot by Scottie Upshall.
8:13 of 1st period - Stopped by Ilya Bryzgalov with a rebound.
8:17 of 1st period - Shot by Scottie Upshall.
8:17 of 1st period - Stopped by Ilya Bryzgalov without a rebound.
8:18 of 1st period - Steven Stamkos wins face-off versus Joe Pavelski in Wild zone.
8:22 of 1st period - Icing by Martin St. Louis.
8:23 of 1st period - Joe Pavelski wins face-off versus Steven Stamkos in Wild zone.
8:49 of 1st period - Steven Stamkos is hit by Joe Pavelski.
9:24 of 1st period - Shot by Milan Michalek.
9:24 of 1st period - Deflect By Nicklas Backstrom.
9:24 of 1st period - Shot Blocked by Francis Bouillon.
9:53 of 1st period - Stephane Yelle is hit by Brent Burns and loses puck.
9:55 of 1st period - Minor Penalty to Brent Burns for Tripping.
9:56 of 1st period - Colin Fraser wins face-off versus Joe Pavelski in Predators zone.
9:56 of 1st period - Colin Fraser is hit by Milan Hejduk.
10:51 of 1st period - Shot by Alexei Ponikarovsky.
10:51 of 1st period - Shot Misses the Net.
10:55 of 1st period - Shot by Kim Johnsson.
10:55 of 1st period - Shot Blocked by Derek Morris.
10:57 of 1st period - Shot by Kim Johnsson.
10:57 of 1st period - Shot Blocked by Braydon Coburn.
11:31 of 1st period - Shot by Ryan Whitney.
11:31 of 1st period - Stopped by Pekka Rinne without a rebound.
11:32 of 1st period - Patrik Elias wins face-off versus Olli Jokinen in Predators zone.
11:59 of 1st period - Shot by Stephane Yelle.
11:59 of 1st period - Stopped by Pekka Rinne without a rebound.
12:00 of 1st period - Rob Niedermayer wins face-off versus Nicklas Backstrom in Predators zone.
12:18 of 1st period - Shot by Nicklas Backstrom.
12:18 of 1st period - Stopped by Ilya Bryzgalov without a rebound.
12:19 of 1st period - Chris Drury wins face-off versus Steven Stamkos in Wild zone.
12:21 of 1st period - Icing by Alexei Ponikarovsky.
12:22 of 1st period - Steven Stamkos wins face-off versus Chris Drury in Wild zone.
12:25 of 1st period - Shot by Jeff Carter.
12:25 of 1st period - Shot Misses the Net.
12:35 of 1st period - Shot by Steven Stamkos.
12:35 of 1st period - Shot Misses the Net.
12:37 of 1st period - Shot by Braydon Coburn.
12:37 of 1st period - Stopped by Ilya Bryzgalov without a rebound.
12:38 of 1st period - Nicklas Backstrom wins face-off versus Joe Pavelski in Wild zone.
12:43 of 1st period - Shot by Patric Hornqvist.
12:43 of 1st period - Stopped by Ilya Bryzgalov without a rebound.
12:44 of 1st period - Patrik Elias wins face-off versus Joe Pavelski in Wild zone.
13:11 of 1st period - Zbynek Michalek is hit by Martin St. Louis and loses puck.
14:19 of 1st period - Shot by Chris Drury.
14:19 of 1st period - Deflect By Daniel Alfredsson.
14:19 of 1st period - Shot Blocked by Shea Weber.
14:21 of 1st period - Shot by Francis Bouillon.
14:21 of 1st period - Shot Misses the Net.
14:49 of 1st period - Shot by Erik Cole.
14:49 of 1st period - Shot Blocked by Brent Burns.
14:51 of 1st period - Shot by Rob Niedermayer.
14:51 of 1st period - Stopped by Pekka Rinne with a rebound.
14:53 of 1st period - Shot by Kim Johnsson.
14:53 of 1st period - Stopped by Pekka Rinne without a rebound.
14:54 of 1st period - Steven Stamkos wins face-off versus Joe Pavelski in Predators zone.
15:24 of 1st period - Simon Gagne is hit by Joe Pavelski and loses puck.
15:35 of 1st period - Shot by Jeff Carter.
15:35 of 1st period - Stopped by Ilya Bryzgalov without a rebound.
15:36 of 1st period - Patrik Elias wins face-off versus Rob Niedermayer in Wild zone.
15:36 of 1st period - Milan Michalek is hit by Francis Bouillon and loses puck.
15:42 of 1st period - Milan Michalek is hit by Francis Bouillon and loses puck.
15:47 of 1st period - Shot by Milan Michalek.
15:47 of 1st period - Shot Blocked by Francis Bouillon.
15:51 of 1st period - Shot by Patrik Elias.
15:51 of 1st period - Deflect By Scottie Upshall.
15:51 of 1st period - Shot Blocked by Francis Bouillon.
16:04 of 1st period - Patrik Elias is hit by Francis Bouillon and loses puck.
16:18 of 1st period - Erik Cole is hit by Milan Michalek and loses puck.
16:19 of 1st period - Minor Penalty to Scottie Upshall for Roughing.
16:20 of 1st period - Colin Fraser wins face-off versus Olli Jokinen in Predators zone.
18:25 of 1st period - Shot by Milan Hejduk.
18:25 of 1st period - Deflect By Stephane Yelle.
18:25 of 1st period - Shot Misses the Net.
18:45 of 1st period - Shot by Nicklas Backstrom.
18:45 of 1st period - Stopped by Ilya Bryzgalov without a rebound.
18:46 of 1st period - Chris Drury wins face-off versus Steven Stamkos in Wild zone.
18:48 of 1st period - Icing by Alexei Ponikarovsky.
18:49 of 1st period - Chris Drury wins face-off versus Steven Stamkos in Wild zone.
18:49 of 1st period - Chris Drury is hit by Simon Gagne.

Period #2

0:01 of 2nd period - Chris Drury wins face-off versus Marian Gaborik in neutral zone.
0:04 of 2nd period - Shot by Alexei Ponikarovsky.
0:04 of 2nd period - Shot Misses the Net.
0:06 of 2nd period - Shot by Francis Bouillon.
0:06 of 2nd period - Deflect By Alexei Ponikarovsky.
0:06 of 2nd period - Stopped by Pekka Rinne without a rebound.
0:07 of 2nd period - Joe Pavelski wins face-off versus Steven Stamkos in Predators zone.
0:09 of 2nd period - Milan Hejduk is hit by Braydon Coburn and loses puck.
0:26 of 2nd period - Shot by Jeff Carter.
0:26 of 2nd period - Shot Misses the Net.
0:30 of 2nd period - Shot by Steven Stamkos.
0:30 of 2nd period - Stopped by Ilya Bryzgalov without a rebound.
0:31 of 2nd period - Marian Gaborik wins face-off versus Chris Drury in Wild zone.
0:34 of 2nd period - Shot by Nicklas Backstrom.
0:34 of 2nd period - Shot Misses the Net.
0:42 of 2nd period - Shot by Marian Gaborik.
0:42 of 2nd period - Stopped by Ilya Bryzgalov without a rebound.
0:43 of 2nd period - Patrik Elias wins face-off versus Stephane Yelle in Wild zone.
1:42 of 2nd period - Shot by Alexei Ponikarovsky.
1:42 of 2nd period - Stopped by Pekka Rinne without a rebound.
1:43 of 2nd period - Joe Pavelski wins face-off versus Nicklas Backstrom in Predators zone.
3:04 of 2nd period - Shot by Tomas Kaberle.
3:04 of 2nd period - Shot Blocked by Francis Bouillon.
3:10 of 2nd period - Shot by Simon Gagne.
3:10 of 2nd period - Stopped by Ilya Bryzgalov without a rebound.
3:11 of 2nd period - Rob Niedermayer wins face-off versus Milan Michalek in Wild zone.
3:40 of 2nd period - Shot by Stephane Yelle.
3:40 of 2nd period - Stopped by Pekka Rinne without a rebound.
3:41 of 2nd period - Patrik Elias wins face-off versus Daniel Alfredsson in Predators zone.
3:54 of 2nd period - Shot by Steven Stamkos.
3:54 of 2nd period - Stopped by Ilya Bryzgalov without a rebound.
3:55 of 2nd period - Steven Stamkos wins face-off versus Joe Pavelski in Wild zone.
3:56 of 2nd period - Shot by Jeff Carter.
3:56 of 2nd period - Stopped by Ilya Bryzgalov without a rebound.
3:57 of 2nd period - Jeff Carter wins face-off versus Martin St. Louis in Wild zone.
3:57 of 2nd period - Jeff Carter is hit by Michal Rozsival.
4:05 of 2nd period - Shot by Simon Gagne.
4:05 of 2nd period - Goal by Simon Gagne - Wild : 0 - Predators : 1.
4:06 of 2nd period - Rob Niedermayer wins face-off versus Patrik Elias in neutral zone.
4:36 of 2nd period - Icing by Derek Morris.
4:37 of 2nd period - Chris Drury wins face-off versus Patrik Elias in Predators zone.
4:46 of 2nd period - Shot by Daniel Alfredsson.
4:46 of 2nd period - Shot Misses the Net.
4:48 of 2nd period - Shot by Mark Eaton.
4:48 of 2nd period - Shot Misses the Net.
4:54 of 2nd period - Shot by Daniel Alfredsson.
4:54 of 2nd period - Shot Blocked by Zbynek Michalek.
4:56 of 2nd period - Shot by Daniel Alfredsson.
4:56 of 2nd period - Stopped by Pekka Rinne without a rebound.
4:57 of 2nd period - Nicklas Backstrom wins face-off versus Milan Hejduk in Predators zone.
5:32 of 2nd period - Shot by Nicklas Backstrom.
5:32 of 2nd period - Stopped by Ilya Bryzgalov with a rebound.
5:36 of 2nd period - Shot by Nicklas Backstrom.
5:36 of 2nd period - Shot Misses the Net.
6:08 of 2nd period - Jeff Carter is hit by Milan Hejduk and loses puck.
8:07 of 2nd period - Minor Penalty to Braydon Coburn for Hooking.
8:08 of 2nd period - Olli Jokinen wins face-off versus Colin Fraser in Predators zone.
9:19 of 2nd period - Milan Hejduk is hit by Shea Weber and loses puck.
9:22 of 2nd period - Shot by Joe Pavelski.
9:22 of 2nd period - Shot Blocked by Shea Weber.
9:40 of 2nd period - Shot by Mark Eaton.
9:40 of 2nd period - Shot Misses the Net.
9:42 of 2nd period - Shot by Daniel Alfredsson.
9:42 of 2nd period - Shot Misses the Net.
9:44 of 2nd period - Shot by Mark Eaton.
9:44 of 2nd period - Shot Misses the Net.
9:46 of 2nd period - Shot by Mark Eaton.
9:46 of 2nd period - Stopped by Pekka Rinne without a rebound.
9:47 of 2nd period - Chris Drury wins face-off versus Patrik Elias in Predators zone.
10:41 of 2nd period - Shot by Nicklas Backstrom.
10:41 of 2nd period - Shot Misses the Net.
11:15 of 2nd period - Shot by Jeff Carter.
11:15 of 2nd period - Shot Blocked by Mark Eaton.
11:17 of 2nd period - Shot by Jeff Carter.
11:17 of 2nd period - Shot Misses the Net.
11:21 of 2nd period - Shot by Tomas Kaberle.
11:21 of 2nd period - Shot Misses the Net.
11:23 of 2nd period - Shot by Simon Gagne.
11:23 of 2nd period - Shot Blocked by Mark Eaton.
11:27 of 2nd period - Shot by Steven Stamkos.
11:27 of 2nd period - Stopped by Ilya Bryzgalov without a rebound.
11:28 of 2nd period - Joe Pavelski wins face-off versus Patrik Elias in Wild zone.
11:39 of 2nd period - Shot by Michal Rozsival.
11:39 of 2nd period - Shot Misses the Net.
11:42 of 2nd period - Icing by Zbynek Michalek.
11:43 of 2nd period - Joe Pavelski wins face-off versus Patrik Elias in Predators zone.
12:39 of 2nd period - Shot by Tomas Kaberle.
12:39 of 2nd period - Stopped by Ilya Bryzgalov without a rebound.
12:40 of 2nd period - Rob Niedermayer wins face-off versus Nicklas Backstrom in Wild zone.
13:21 of 2nd period - Icing by Shea Weber.
13:22 of 2nd period - Chris Drury wins face-off versus Marian Gaborik in Predators zone.
13:24 of 2nd period - Daniel Alfredsson is hit by Brent Burns and loses puck.
13:36 of 2nd period - Daniel Alfredsson is hit by Brent Burns and loses puck.
13:48 of 2nd period - Daniel Alfredsson is hit by Shea Weber and loses puck.
14:17 of 2nd period - Shot by Jeff Carter.
14:17 of 2nd period - Deflect By Simon Gagne.
14:17 of 2nd period - Goal by Simon Gagne - Wild : 0 - Predators : 2.
14:18 of 2nd period - Patrik Elias wins face-off versus Joe Pavelski in neutral zone.
14:42 of 2nd period - Shot by Milan Michalek.
14:42 of 2nd period - Shot Blocked by Michal Rozsival.
14:44 of 2nd period - Shot by Scottie Upshall.
14:44 of 2nd period - Stopped by Ilya Bryzgalov without a rebound.
14:45 of 2nd period - Chris Drury wins face-off versus Steven Stamkos in Wild zone.
14:45 of 2nd period - Chris Drury is hit by Jeff Carter.
14:55 of 2nd period - Jeff Carter is hit by Alexei Ponikarovsky and loses puck.
15:13 of 2nd period - Off-side.
15:14 of 2nd period - Rob Niedermayer wins face-off versus Patrik Elias in neutral zone.
15:27 of 2nd period - Shot by Erik Cole.
15:27 of 2nd period - Goal by Erik Cole - Wild : 1 - Predators : 2.
15:28 of 2nd period - Nicklas Backstrom wins face-off versus Joe Pavelski in neutral zone.
15:34 of 2nd period - Off-side.
15:35 of 2nd period - Joe Pavelski wins face-off versus Steven Stamkos in neutral zone.
15:40 of 2nd period - Shot by Joe Pavelski.
15:40 of 2nd period - Stopped by Pekka Rinne with a rebound.
15:42 of 2nd period - Shot by Milan Hejduk.
15:42 of 2nd period - Goal by Milan Hejduk - Wild : 2 - Predators : 2.
15:43 of 2nd period - Rob Niedermayer wins face-off versus Patrik Elias in neutral zone.
16:18 of 2nd period - Shot by Patrik Elias.
16:18 of 2nd period - Shot Hit the Post.
17:22 of 2nd period - Icing by Brent Burns.
17:23 of 2nd period - Joe Pavelski wins face-off versus Marian Gaborik in Predators zone.
17:31 of 2nd period - Icing by Nicklas Backstrom.
17:32 of 2nd period - Nicklas Backstrom wins face-off versus Joe Pavelski in Predators zone.
17:32 of 2nd period - Nicklas Backstrom is hit by Joe Pavelski.
18:04 of 2nd period - Icing by Ryan Whitney.
18:05 of 2nd period - Patrik Elias wins face-off versus Joe Pavelski in Wild zone.
18:12 of 2nd period - Shot by Scottie Upshall.
18:12 of 2nd period - Shot Misses the Net.
18:30 of 2nd period - Shot by Scottie Upshall.
18:30 of 2nd period - Shot Misses the Net.
19:33 of 2nd period - Shot by Erik Cole.
19:33 of 2nd period - Stopped by Pekka Rinne with a rebound.
19:35 of 2nd period - Shot by Stephane Yelle.
19:35 of 2nd period - Shot Blocked by Tomas Kaberle.
19:37 of 2nd period - Shot by Erik Cole.
19:37 of 2nd period - Shot Misses the Net.
19:46 of 2nd period - Steven Stamkos is hit by Michal Rozsival and loses puck.

Period #3

0:01 of 3rd period - Chris Drury wins face-off versus Nicklas Backstrom in neutral zone.
0:11 of 3rd period - Off-side.
0:12 of 3rd period - Joe Pavelski wins face-off versus Steven Stamkos in neutral zone.
0:29 of 3rd period - Shot by Milan Hejduk.
0:29 of 3rd period - Stopped by Pekka Rinne without a rebound.
0:30 of 3rd period - Nicklas Backstrom wins face-off versus Chris Drury in Predators zone.
0:32 of 3rd period - Icing by Marian Gaborik.
0:33 of 3rd period - Nicklas Backstrom wins face-off versus Chris Drury in Predators zone.
0:33 of 3rd period - Nicklas Backstrom is hit by Alexei Ponikarovsky.
0:44 of 3rd period - Shot by Nicklas Backstrom.
0:44 of 3rd period - Stopped by Ilya Bryzgalov without a rebound.
0:45 of 3rd period - Rob Niedermayer wins face-off versus Steven Stamkos in Wild zone.
1:08 of 3rd period - Shot by Jeff Carter.
1:08 of 3rd period - Stopped by Ilya Bryzgalov without a rebound.
1:09 of 3rd period - Nicklas Backstrom wins face-off versus Chris Drury in Wild zone.
1:44 of 3rd period - Shot by Chris Drury.
1:44 of 3rd period - Goal by Chris Drury - Wild : 3 - Predators : 2.
1:45 of 3rd period - Patrik Elias wins face-off versus Milan Hejduk in neutral zone.
2:05 of 3rd period - Shot by Milan Hejduk.
2:05 of 3rd period - Shot Misses the Net.
2:07 of 3rd period - Shot by Ryan Whitney.
2:07 of 3rd period - Stopped by Pekka Rinne with a rebound.
2:09 of 3rd period - Shot by Ryan Whitney.
2:09 of 3rd period - Shot Misses the Net.
2:11 of 3rd period - Shot by Ryan Whitney.
2:11 of 3rd period - Shot Blocked by Zbynek Michalek.
2:19 of 3rd period - Shot by Milan Hejduk.
2:19 of 3rd period - Stopped by Pekka Rinne without a rebound.
2:20 of 3rd period - Rob Niedermayer wins face-off versus Steven Stamkos in Predators zone.
3:01 of 3rd period - Tomas Kaberle is hit by Aaron Ward.
4:32 of 3rd period - Icing by Michal Rozsival.
4:33 of 3rd period - Steven Stamkos wins face-off versus Joe Pavelski in Wild zone.
4:42 of 3rd period - Shot by Steven Stamkos.
4:42 of 3rd period - Stopped by Ilya Bryzgalov without a rebound.
4:43 of 3rd period - Steven Stamkos wins face-off versus Rob Niedermayer in Wild zone.
5:02 of 3rd period - Shot by Kim Johnsson.
5:02 of 3rd period - Goal by Kim Johnsson - Wild : 4 - Predators : 2.
5:03 of 3rd period - Chris Drury wins face-off versus Nicklas Backstrom in neutral zone.
5:07 of 3rd period - Minor Penalty to Brent Burns for Interference.
5:08 of 3rd period - Joe Pavelski wins face-off versus Patrik Elias in Predators zone.
6:10 of 3rd period - Alexei Ponikarovsky is hit by Braydon Coburn and loses puck.
7:38 of 3rd period - Shot by Erik Cole.
7:38 of 3rd period - Shot Misses the Net.
7:42 of 3rd period - Shot by Stephane Yelle.
7:42 of 3rd period - Stopped by Pekka Rinne without a rebound.
7:43 of 3rd period - Chris Drury wins face-off versus Steven Stamkos in Predators zone.
8:00 of 3rd period - Shot by Chris Drury.
8:00 of 3rd period - Shot Blocked by Jeff Carter.
8:49 of 3rd period - Icing by Aaron Ward.
8:50 of 3rd period - Nicklas Backstrom wins face-off versus Rob Niedermayer in Wild zone.
9:05 of 3rd period - Shot by Marian Gaborik.
9:05 of 3rd period - Shot Misses the Net.
9:44 of 3rd period - Shot by Joe Pavelski.
9:44 of 3rd period - Stopped by Pekka Rinne without a rebound.
9:45 of 3rd period - Steven Stamkos wins face-off versus Chris Drury in Predators zone.
10:15 of 3rd period - Shot by Jeff Carter.
10:15 of 3rd period - Shot Misses the Net.
10:17 of 3rd period - Shot by Simon Gagne.
10:17 of 3rd period - Shot Misses the Net.
10:55 of 3rd period - Icing by Michal Rozsival.
10:56 of 3rd period - Milan Hejduk wins face-off versus Nicklas Backstrom in Wild zone.
11:01 of 3rd period - Nicklas Backstrom is hit by Joe Pavelski and loses puck.
11:10 of 3rd period - Icing by Joe Pavelski.
11:11 of 3rd period - Nicklas Backstrom wins face-off versus Joe Pavelski in Wild zone.
11:18 of 3rd period - Shot by Nicklas Backstrom.
11:18 of 3rd period - Stopped by Ilya Bryzgalov without a rebound.
11:19 of 3rd period - Rob Niedermayer wins face-off versus Steven Stamkos in Wild zone.
12:22 of 3rd period - Daniel Alfredsson is hit by Zbynek Michalek and loses puck.
12:28 of 3rd period - Chris Drury is hit by Zbynek Michalek and loses puck.
13:28 of 3rd period - Patric Hornqvist is hit by Joe Pavelski and loses puck.
13:33 of 3rd period - Shot by Milan Hejduk.
13:33 of 3rd period - Stopped by Pekka Rinne without a rebound.
13:34 of 3rd period - Erik Cole wins face-off versus Steven Stamkos in Predators zone.
13:57 of 3rd period - Shot by Erik Cole.
13:57 of 3rd period - Shot Misses the Net.
14:01 of 3rd period - Shot by Aaron Ward.
14:01 of 3rd period - Shot Misses the Net.
14:10 of 3rd period - Icing by Tomas Kaberle.
14:11 of 3rd period - Steven Stamkos wins face-off versus Joe Pavelski in Predators zone.
14:23 of 3rd period - Icing by Ryan Whitney.
14:24 of 3rd period - Joe Pavelski wins face-off versus Patrik Elias in Wild zone.
14:55 of 3rd period - Off-side.
14:56 of 3rd period - Chris Drury wins face-off versus Nicklas Backstrom in neutral zone.
15:10 of 3rd period - Shot by Marian Gaborik.
15:10 of 3rd period - Shot Hit the Post.
15:11 of 3rd period - Minor Penalty to Francis Bouillon for Boarding.
15:12 of 3rd period - Patric Hornqvist wins face-off versus Chris Drury in Wild zone.
15:29 of 3rd period - Shot by Tomas Kaberle.
15:29 of 3rd period - Shot Blocked by Brian Willsie.
15:33 of 3rd period - Shot by Tomas Kaberle.
15:33 of 3rd period - Shot Blocked by Aaron Ward.
15:35 of 3rd period - Shot by Shea Weber.
15:35 of 3rd period - Stopped by Ilya Bryzgalov without a rebound.
15:36 of 3rd period - Steven Stamkos wins face-off versus Rob Niedermayer in Wild zone.
15:50 of 3rd period - Shot by Steven Stamkos.
15:50 of 3rd period - Shot Misses the Net.
15:54 of 3rd period - Shot by Brent Burns.
15:54 of 3rd period - Stopped by Ilya Bryzgalov with a rebound.
15:56 of 3rd period - Shot by Steven Stamkos.
15:56 of 3rd period - Stopped by Ilya Bryzgalov without a rebound.
15:57 of 3rd period - Rob Niedermayer wins face-off versus Nicklas Backstrom in Wild zone.
16:05 of 3rd period - Icing by Shea Weber.
16:06 of 3rd period - Brian Willsie wins face-off versus Nicklas Backstrom in Predators zone.
16:09 of 3rd period - Shot by Chris Drury.
16:09 of 3rd period - Stopped by Pekka Rinne without a rebound.
16:10 of 3rd period - Rob Niedermayer wins face-off versus Steven Stamkos in Predators zone.
16:16 of 3rd period - Icing by Brent Burns.
16:17 of 3rd period - Steven Stamkos wins face-off versus Rob Niedermayer in Predators zone.
16:21 of 3rd period - Off-side.
16:22 of 3rd period - Nicklas Backstrom wins face-off versus Chris Drury in neutral zone.
16:25 of 3rd period - Shot by Tomas Kaberle.
16:25 of 3rd period - Stopped by Ilya Bryzgalov without a rebound.
16:26 of 3rd period - Rob Niedermayer wins face-off versus Marian Gaborik in Wild zone.
17:08 of 3rd period - Stephane Yelle is hit by Nicklas Backstrom and loses puck.
18:08 of 3rd period - Jeff Carter is hit by Chris Drury and loses puck.
18:49 of 3rd period - Shot by Marian Gaborik.
18:49 of 3rd period - Stopped by Ilya Bryzgalov with a rebound.
18:53 of 3rd period - Shot by Nicklas Backstrom.
18:53 of 3rd period - Goal by Nicklas Backstrom - Wild : 4 - Predators : 3.
18:54 of 3rd period - Joe Pavelski wins face-off versus Nicklas Backstrom in neutral zone.
19:14 of 3rd period - Predators, Pekka Rinne is pulled from the net.
19:17 of 3rd period - Nicklas Backstrom is hit by Aaron Ward and loses puck.
19:50 of 3rd period - Shot by Steven Stamkos.
19:50 of 3rd period - Shot Misses the Net.
19:54 of 3rd period - Shot by Patrik Elias.
19:54 of 3rd period - Shot Misses the Net.
19:56 of 3rd period - Shot by Patrik Elias.
19:56 of 3rd period - Stopped by Ilya Bryzgalov without a rebound.
19:57 of 3rd period - Steven Stamkos wins face-off versus Olli Jokinen in Wild zone.


Output by the SimonT Hockey Simulator (STHS) for Stephane Roy -- Original Page W3C XHTML 1.0 Valid